 Dungeon Crawl Stone Soup version 0.20.0-15-g7f486f2 (webtiles) character file.

184 TheForgottenOwl the Slasher (level 5, 0/45 HPs)
             Began as a Minotaur Fighter on June 16, 2017.
             Succumbed to a gnoll's poison
             ... on level 2 of the Dungeon.
             The game lasted 00:02:55 (2119 turns).

TheForgottenOwl the Slasher (Minotaur Fighter)      Turns: 2119, Time: 00:02:55

Health: 0/45       AC:  6    Str: 21    XL:     5   Next: 36%
Magic:  4/4        EV:  7    Int:  5    God:
Gold:   112        SH:  9    Dex: 10    Spells: 4/4 levels left

rFire    . . .     SeeInvis .   a - +0 long sword
rCold    . . .     Gourm    .   c - +0 shield
rNeg     . . .     Faith    .   b - +0 scale mail
rPois    .         Spirit   .   (helmet restricted)
rElec    .         Reflect  .   (no cloak)
rCorr    .         Harm     .   (no gloves)
MR       .....                  (no boots)
Stlth    ..........             (no amulet)
Regen    0.2/turn               (no ring)
MPRegen  0.1/turn               (no ring)

@: lethally poisoned (0 -> -3)
A: retaliatory headbutt, horns 2
a: no special abilities


You were on level 2 of the Dungeon.
You were hungry.

You visited 1 branch of the dungeon, and saw 3 of its levels.

You collected 112 gold pieces.

Inventory:

Hand Weapons
 a - a +0 long sword (weapon)
Armour
 b - a +0 scale mail (worn)
 c - a +0 shield (worn)
Wands
 g - a wand of lightning (1/15)
Scrolls
 e - 7 scrolls of identify {unknown}
 i - a scroll of remove curse {unknown}
 j - 2 scrolls of magic mapping {unknown}
 n - a scroll of blinking {unknown}
 p - a scroll of noise {unknown}
Potions
 d - 2 potions of might
Comestibles
 f - 3 bread rations
 h - 2 meat rations
 m - 3 fruits


   Skills:
 - Level 3.6 Fighting
 + Level 6.8 Long Blades
 - Level 3.6 Armour
 - Level 3.6 Shields


You had 4 spell levels left.
You didn't know any spells.

Dungeon Overview and Level Annotations

Branches:
Dungeon (3/15)

Altars:


Innate Abilities, Weirdness & Mutations

You reflexively headbutt those who attack you in melee.
You have a pair of horns on your head.


Message History

* * * LOW HITPOINT WARNING * * *
You feel sick.
* * * LOW HITPOINT WARNING * * *
You feel sick.
* * * LOW HITPOINT WARNING * * *
You feel sick.
Your transformation is almost over.
* * * LOW HITPOINT WARNING * * *
You feel sick.
* * * LOW HITPOINT WARNING * * *
You feel sick.
* * * LOW HITPOINT WARNING * * *
You feel sick.
* * * LOW HITPOINT WARNING * * *
You feel sick.
* * * LOW HITPOINT WARNING * * *
You feel sick.
You feel less wooden.
Your +0 scale mail unmelds from your body.
You die...

##### ###..#........
#...# ###.##.#.####.
#...# #....#.#.# #.
#...# #..#.#...# #.
#...###..#.########.
#...................
##....[.....#####.#.
##....###.######.#.
#@................
#)...###....##..#.
#....# #..........
#....###.##..##.#.
#....#............
#....#.........#.#
#....#.......#.#..
############.#.##.
#.......


There were no monsters in sight!

Vanquished Creatures
  The ghost of TheForgottenOwl the Slasher, an amateur MiFi (D:3)
  An orc priest (D:3)
  A gnoll (D:2)
  An adder (D:2)
  A worm (D:2)
  A dart slug (D:2)
  2 leopard geckos (D:1)
  4 orcs (D:3)
  2 giant cockroaches (D:1)
  6 goblins
  2 hobgoblins
  2 jackals (D:3)
  5 kobolds
  2 quokkas
  7 bats
  A frilled lizard (D:3)
  A rat (D:2)
40 creatures vanquished.

Notes
Turn   | Place    | Note
-------+----------+-------------------------------------------
     0 | D:1      | TheForgottenOwl the Minotaur Fighter began the quest for the Orb.
     0 | D:1      | Reached XP level 1. HP: 19/19 MP: 0/0
    89 | D:1      | Reached skill level 3 in Long Blades
   133 | D:1      | Reached XP level 2. HP: 26/26 MP: 1/1
   534 | D:2      | Reached skill level 4 in Long Blades
   575 | D:2      | Reached XP level 3. HP: 18/31 MP: 2/2
   974 | D:3      | Noticed TheForgottenOwl's ghost (amateur MiFi)
   988 | D:3      | Killed TheForgottenOwl's ghost
   988 | D:3      | Reached skill level 6 in Long Blades
   988 | D:3      | Reached XP level 4. HP: 6/39 MP: 3/3
  1406 | D:3      | Reached XP level 5. HP: 45/45 MP: 4/4
  2111 | D:2      | HP: 3/67 [poisoned by a gnoll]
  2117 | D:2      | HP: 1/67 [poisoned by a gnoll]
  2119 | D:2      | Succumbed to a gnoll's poison

Skill      XL: |  1  2  3 |
---------------+----------+-----
Long Blades    | 3 4 6 |  6.8
Fighting       | |  3.6
Armour         | |  3.6
Shields        | |  3.6

Action                   |  1- 3 |  4- 6 || total
-------------------------+-------+-------++-------
Melee: Long sword        |    82 |    30 ||   112
       Headbutt          |    10 |     4 ||    14
  Use: Potion            |       |     3 ||     3
  Eat: Chunk             |       |     3 ||     3
Armor: Scale mail        |    35 |    11 ||    46
Dodge: Dodged            |    25 |    15 ||    40
Block: Shield            |    37 |    16 ||    53
       Rpst.: Long sword |     7 |       ||     7
